 Dungeon Crawl Stone Soup version 0.27-a0-1591-gc56fcc985a (webtiles) character file.

Game seed: 2451254615007563987

12433 DocSulfur the Grappler (level 11, -3/105 HPs)
             Began as a Troll Hunter on July 19, 2021.
             Was an Elder of Okawaru.
             Shot with a sling bullet by Joseph (5 damage)
             ... on level 1 of the Lair of Beasts.
             The game lasted 00:39:54 (9716 turns).

DocSulfur the Grappler (Troll Hunter)               Turns: 9716, Time: 00:39:54

Health: -3/105     AC:  4    Str: 25    XL:     11   Next: 62%
Magic:  0/17       EV: 14    Int:  7    God:    Okawaru [****..]
Gold:   565        SH:  0    Dex: 16    Spells: 10/10 levels left

rFire    + . .     SeeInvis .     - Unarmed
rCold    . . .     Faith    .   (no shield)
rNeg     . . .     Spirit   +   b - +0 robe
rPois    .         Reflect  .   (helmet restricted)
rElec    .         Harm     .   (no cloak)
rCorr    .         Rampage  .   (gloves unavailable)
Will     .....                  (boots unavailable)
Stlth    +++.......             T - amulet of guardian spirit
HPRegen  1.27/turn              o - +6 ring of dexterity
MPRegen  0.15/turn              k - ring of protection from fire

@: heroic, flying
A: large, unfitting armour, claws 3, regeneration 1, shaggy fur 1, tough skin 1
a: Renounce Religion, Heroism


You were on level 1 of the Lair of Beasts.
You worshipped Okawaru.
Okawaru was greatly pleased with you.
You visited 3 branches of the dungeon, and saw 13 of its levels.
You also visited: Ossuary.

You collected 565 gold pieces.

Inventory:

Hand Weapons
 a - a +0 short sword
Missiles
 c - 10 large rocks (quivered)
 d - 5 throwing nets
 m - 21 poisoned darts
 u - 8 curare-tipped darts
 U - 8 javelins
 W - 6 atropa-tipped darts
Armour
 b - a +0 robe (worn)
Jewellery
 k - a ring of protection from fire (right claw)
 l - a ring of protection from cold
 o - a +6 ring of dexterity (left claw)
 O - a ring of willpower
 P - a ring of positive energy
 R - a ring of poison resistance
 T - an amulet of guardian spirit (around neck)
 V - a ring of positive energy
Wands
 n - a wand of paralysis (15)
 H - a wand of polymorph (8)
 K - a wand of mindburst (13)
 L - a wand of flame (32)
 M - a wand of iceblast (34)
Scrolls
 e - 3 scrolls of magic mapping {unknown}
 i - a scroll of acquirement {unknown}
 j - a scroll of fog {unknown}
 p - 3 scrolls of enchant armour
 q - 2 scrolls of teleportation
 t - 2 scrolls of vulnerability {unknown}
 v - 4 scrolls of amnesia {unknown}
 x - a scroll of summoning {unknown}
 y - 3 scrolls of immolation
 C - a scroll of blinking {unknown}
 G - a scroll of enchant weapon {unknown}
 J - 3 scrolls of identify
 N - 2 scrolls of brand weapon {unknown}
 Q - 3 scrolls of holy word
 S - 3 scrolls of noise {unknown}
Potions
 f - 3 potions of resistance
 g - 3 potions of lignification
 h - a potion of flight
 r - 3 potions of magic
 s - 5 potions of heal wounds
 w - a potion of invisibility {unknown}
 z - a potion of attraction {unknown}
 A - 2 potions of brilliance {unknown}
 B - 2 potions of curing
 D - a potion of berserk rage {unknown}
 E - 2 potions of haste {unknown}
 F - 2 potions of mutation {unknown}
 I - a potion of experience {unknown}


   Skills:
 - Level 6.0(11.0) Fighting
 * Level 8.3(13.3) Throwing
 + Level 4.1(9.1) Dodging
 - Level 0.3(5.3) Stealth
 - Level 10.0(15.0) Unarmed Combat
 - Level 10.0 Invocations


You had 10 spell levels left.
You didn't know any spells.
Your spell library contained the following spells:

 Spells                   Type           Power      Damage    Failure   Level
 Freeze                   Ice            0%         1d3       43%         1
 Magic Dart               Conj           0%         1d3       43%         1
 Call Imp                 Summ           0%         N/A       56%         2
 Slow                     Hex            0%         N/A       56%         2
 Sublimation of Blood     Necr           0%         N/A       56%         2
 Wereblood                Tmut           0%         N/A       56%         2
 Confusing Touch          Hex            0%         N/A       80%         3
 Dazzling Flash           Conj/Hex       0%         N/A       80%         3
 Mephitic Cloud           Conj/Pois/Air  0%         N/A       80%         3
 Vampiric Draining        Necr           0%         2d6       80%         3
 Cause Fear               Hex            0%         N/A       99%         4
 Iskenderun's Mystic Bla  Conj/Tloc      0%         2d3       99%         4
 Summon Lightning Spire   Summ/Air       0%         N/A       99%         4
 Blade Hands              Tmut           0%         N/A       100%        5
 Irradiate                Conj/Tmut      0%         3d13      100%        5
 Summon Mana Viper        Hex/Summ       0%         N/A       100%        5
 Starburst                Conj/Fire      0%         8x6d3     100%        6
 Dragon Form              Tmut           0%         N/A       100%        7
 Summon Hydra             Summ           0%         N/A       100%        7
 Dragon's Call            Summ           0%         N/A       100%        9


Dungeon Overview and Level Annotations

Branches:
Dungeon (11/15)            Temple (1/1) D:5            Lair (1/6) D:11
    Orc (0/2) D:10        Ossuary (visited)

Altars:
Ashenzari
Cheibriados
Gozag
Hepliaklqana
Kikubaaqudgha
Nemelex Xobeh
Okawaru
Qazlal
Trog
Vehumet
Wu Jian
Xom
Yredelemnul
Zin

Shops:
D:3 (

Annotations:
D:9 3 runed translucent doors, motoroller71's ghost, novice TrGl
Lair:1 Joseph


Innate Abilities, Weirdness & Mutations

You are too large for most types of armour.
You have claws for hands.
Your natural rate of healing is unusually fast.
You are covered in fur. (AC +1)
You have tough skin. (AC +1)


Message History

Found 10 gold pieces.
You now have 565 gold pieces (gained 10).
Joseph, a Mercenary comes into view.
He is wielding a +0 quarterstaff and wearing a +1 leather armour of willpower.
Joseph unwields a +0 quarterstaff.
Joseph wields a +3 hunting sling of flaming.
It bursts into flame!
Joseph shoots a sling bullet.
The sling bullet hits you! The sling bullet burns you.
Throw: 12 large rocks
Press: ? - help, Q - select action, (/) - cycle Shift-Dir - straight line, f - Joseph
Aim: Joseph, wielding a +3 hunting sling of flaming, wearing a +1 leather armour of willpower and quivering sling bullets (67% to hit)
You throw a large rock. The large rock barely misses Joseph.
Joseph shoots a sling bullet.
The sling bullet hits you!! The sling bullet burns you.
You're wearing all the rings you can.
Remove which one? (? for menu, Esc to cancel) < or
o - a +6 ring of dexterity; > or
O - a ring of willpower You remove your ring of willpower.
Joseph shoots a sling bullet.
The sling bullet hits you! The sling bullet burns you.
k - a ring of protection from fire (right claw)
You gain the combat prowess of a mighty hero.
You can no longer speed up your combat.
Okawaru will no longer gift you equipment.
Joseph shoots a sling bullet.
The sling bullet hits you!! The sling bullet burns you.
Throw: 11 large rocks
Press: ? - help, Q - select action, (/) - cycle Shift-Dir - straight line, f/p - Joseph
Aim: Joseph, wielding a +3 hunting sling of flaming, wearing a +1 leather armour of willpower and quivering sling bullets (71% to hit)
You throw a large rock. The large rock closely misses Joseph.
Joseph shoots a sling bullet.
The sling bullet hits you!
* * * LOW HITPOINT WARNING * * *
The sling bullet burns you.
Joseph shoots a sling bullet.
The sling bullet hits you.
* * * LOW HITPOINT WARNING * * *
Okay, then.
You feel very buoyant.
You fly up into the air.
Joseph shoots a sling bullet.
The sling bullet hits you!!
* * * LOW HITPOINT WARNING * * *
The sling bullet burns you.
You die...

..##
..............#
..#
#..##.........#
..## ##...####..#
...#
##....####...#
..## #
#.......##..##
..## #.
#.......#P..# ...#
(@ #............
..##
#.###.............
###
#..@.............
###.#............
##........#...#
##############


You could see Joseph.

Vanquished Creatures
  3 hydras
  A manticore (D:10)
  4 molten gargoyles (D:10)
  A komodo dragon (D:9)
  2 trolls (D:9)
  A hornet (D:9)
  A vampire (D:10)
  2 wyverns
  A wraith (D:7)
  10 yaks
  A steam dragon (D:7)
  A black bear (D:7)
  6 orc warriors
  4 ice beasts
  A phantom (D:5)
  3 centaurs
  A kobold brigand (D:8)
  A bullfrog (D:8)
  2 gnoll sergeants
  15 scorpions
  2 wyvern skeletons
  15 killer bees
  4 wights (D:6)
  A howler monkey (D:9)
  A lava snake (D:10)
  A bullfrog zombie (D:5)
  4 centaur zombies
  A human zombie (Ossuary)
  2 centaur skeletons
  4 hounds
  5 orc priests
  3 bullfrog skeletons
  7 iguanas
  9 orc wizards
  10 scorpion zombies (Ossuary)
  4 mummies
  A howler monkey zombie (D:9)
  11 gnolls
  4 adders
  A howler monkey skeleton (D:7)
  2 white imps
  2 ufetubi
  2 adder skeletons (D:4)
  A worm (D:5)
  2 dart slugs
  38 orcs
  6 ball pythons
  5 bats
  6 endoplasms
  6 giant cockroaches
  5 goblins
  5 hobgoblins
  4 jackals (D:3)
  15 kobolds
  5 quokkas
  5 frilled lizards
  4 hobgoblin zombies (Ossuary)
  5 kobold zombies
  A spectral orc (D:9)
270 creatures vanquished.

Vanquished Creatures (others)
  10 plants (D:9)
10 creatures vanquished.

Grand Total: 280 creatures vanquished

Notes
Turn   | Place    | Note
-------+----------+-------------------------------------------
     0 | D:1      | DocSulfur the Troll Hunter began the quest for the Orb.
     0 | D:1      | Reached XP level 1. HP: 19/19 MP: 0/0
   182 | D:1      | Found a faded altar of an unknown god.
   357 | D:1      | Reached skill level 1 in Unarmed Combat
   421 | D:1      | Reached XP level 2. HP: 27/27 MP: 1/1
   529 | D:2      | Reached skill level 1 in Invocations
   620 | D:2      | Reached XP level 3. HP: 30/33 MP: 2/2
   947 | D:2      | Reached XP level 4. HP: 41/41 MP: 4/4
  1125 | D:3      | Found Xoxkasch's Weapon Shoppe.
  1243 | D:3      | Got Julojeno's Grimoire of the Congealing Entourage
  1390 | D:3      | Reached XP level 5. HP: 48/48 MP: 5/5
  1458 | D:3      | Found an ornate altar of the Wu Jian Council.
  1844 | D:4      | You fall into a shaft and drop 2 floors!
  1931 | D:6      | Reached XP level 6. HP: 52/55 MP: 7/7
  1942 | D:6      | Noticed an ice beast
  1971 | D:6      | Killed an ice beast
  1972 | D:6      | Reached skill level 5 in Unarmed Combat
  2122 | D:6      | HP: 2/55 [orc (6)]
  2131 | D:6      | Found a hazy altar of Hepliaklqana.
  2134 | D:6      | Noticed an ice beast
  2185 | D:6      | Found a sand-covered staircase.
  2194 | Ossuary  | Entered an ossuary
  2210 | Ossuary  | Reached XP level 7. HP: 59/62 MP: 8/8
  2495 | Ossuary  | Reached XP level 8. HP: 65/70 MP: 10/10
  2940 | D:5      | Entered Level 5 of the Dungeon
  3133 | D:6      | Reached XP level 9. HP: 81/83 MP: 11/11
  3251 | D:5      | Found a glowing silver altar of Zin.
  3391 | D:4      | Reached skill level 5 in Throwing
  3683 | D:4      | Identified the +8 dagger of Ydirin {venom, Str+4}
  3746 | D:5      | Found a bloodstained altar of Trog.
  3867 | D:5      | Found a staircase to the Ecumenical Temple.
  3878 | Temple   | Entered the Ecumenical Temple
  3886 | Temple   | Became a worshipper of Warmaster Okawaru
  3898 | D:5      | Found a radiant altar of Vehumet.
  4202 | D:5      | Reached skill level 5 in Invocations
  4504 | D:6      | Reached * piety under Okawaru
  4596 | D:6      | Paralysed by a wight for 5 turns
  4605 | D:6      | Reached skill level 10 in Unarmed Combat
  4779 | D:7      | Found a shimmering altar of Xom.
  4780 | D:7      | Found an ancient bone altar of Kikubaaqudgha.
  4848 | D:6      | Noticed a rust devil
  4848 | D:6      | Noticed a rust devil
  5216 | D:7      | You fall into a shaft and drop 3 floors!
  5216 | D:10     | Entered Level 10 of the Dungeon
  5228 | D:10     | Noticed a five-headed hydra
  5598 | D:8      | Found a sparkling altar of Nemelex Xobeh.
  5742 | D:7      | Reached ** piety under Okawaru
  5872 | D:8      | Reached XP level 10. HP: 75/94 MP: 14/14
  5877 | D:8      | Reached skill level 5 in Fighting
  5968 | D:8      | Found a stormy altar of Qazlal.
  6031 | D:8      | Found a snail-covered altar of Cheibriados.
  6475 | D:9      | Found an opulent altar of Gozag.
  6625 | D:9      | Reached *** piety under Okawaru
  6848 | D:9      | Received a gift from Okawaru
  6979 | D:9      | Received a gift from Okawaru
  7082 | D:9      | Found a runed translucent gate.
  7109 | D:9      | Found a runed translucent gate.
  7109 | D:9      | Found a runed translucent gate.
  7115 | D:9      | Noticed motoroller71's ghost (novice TrGl)
  7498 | D:9      | Found a basalt altar of Yredelemnul.
  7831 | D:11     | Found a staircase to the Lair.
  8034 | D:10     | Killed a five-headed hydra
  8106 | D:10     | Reached XP level 11. HP: 99/105 MP: 14/17
  8312 | D:10     | Found a staircase to the Orcish Mines.
  8517 | D:10     | Received a gift from Okawaru
  8517 | D:10     | Reached **** piety under Okawaru
  8526 | D:10     | Reached skill level 10 in Invocations
  8963 | D:11     | Noticed a centaur warrior
  9044 | D:11     | Noticed Erolcha
  9045 | D:11     | HP: 3/105 [centaur/arrow[a centaur warrior] (15)]
  9310 | Lair:1   | Entered Level 1 of the Lair of Beasts
  9337 | Lair:1   | Received a gift from Okawaru
  9462 | Lair:1   | Identified the +0 helmet of Defiance {*Slow rElec rF+}
  9536 | Lair:1   | Noticed a five-headed hydra
  9542 | Lair:1   | Killed a five-headed hydra
  9550 | Lair:1   | Noticed a seven-headed hydra
  9560 | Lair:1   | Killed a seven-headed hydra
  9560 | Lair:1   | Reached ***** piety under Okawaru
  9710 | Lair:1   | Noticed Joseph
  9716 | Lair:1   | HP: 2/105 [Joseph/sling bullet (25)]
  9716 | Lair:1   | Shot with a sling bullet by Joseph

Illustrated notes

Levels and vault maps discovered:
D:1:      heliophobic_arrival_henge, layout_basic, basic_ecumenical_altar,
          minmay_misc_feat_ornament, kennysheep_crisscross
D:2:      layout_basic, minmay_pentomino_pile
D:3:      layout_rooms, mainiacjoe_overflow_surrounded_room, serial_shops, shop
D:4:      layout_rooms
D:5:      layout_basic, kennysheep_mini_moat, trog_butcher_becter,
          mainiacjoe_overflow_cross_hatched, minmay_temple_entry_ruins,
          grunt_ministairs_4
D:6:      cheibrodos_iron_armory, layout_loops_ring, lemuel_tele_altar,
          nicolae_ossuary_entry_giza, supply_closet_lemuel,
          chequers_decorated_corner
D:7:      layout_basic, chequers_temple_overflow_statue_of_worship,
          kennysheep_generic_room_4
D:8:      layout_loops_corners, kennysheep_little_box,
          nicolae_overflow_crystal_walls, nicolae_qazlal_style_of_elements
D:9:      layout_basic, mainiacjoe_overflow_small_starburst,
          yredelemnul_forgotten_temple_becter, gammafunk_ghost_nasty_kobolds,
          nrook_campfire, minmay_lizard_king
D:10:     layout_stronghold, david_orc_4, minivault_8
D:11:     layout_rooms, lair_entry_dummy, uniq_erolcha
Temple:   dpeg_chambers_temple
Lair:1:   layout_gridlike, minivault_27, uniq_joseph

Skill      XL: |  1  2  3  4  5  6  7  8  9 10 11 |
---------------+----------------------------------+-----
Unarmed Combat | 1 2 3 4 5 7 9 10 | 10.0
Invocations    | 1 2 3 4 7 9 10 | 10.0
Fighting       | 3 4 6 |  6.0
Throwing       | 4 5 6 8 |  8.3
Dodging        | 2 4 |  4.1
Stealth        | |  0.3

Action                   |  1- 3 |  4- 6 |  7- 9 | 10-12 || total
-------------------------+-------+-------+-------+-------++-------
Melee: Unarmed           |    84 |   148 |   340 |   283 ||   855
       Punch             |     1 |     4 |    14 |    17 ||    36
Throw: Large rock        |       |       |       |    38 ||    38
Invok: Heroism           |       |       |       |    13 ||    13
  Use: Scroll            |       |       |     7 |     3 ||    10
       Potion            |       |       |     3 |     4 ||     7
 Stab: Sleeping          |     2 |       |     5 |     1 ||     8
       Distracted        |       |       |     1 |       ||     1
Armor: Robe              |    35 |    58 |    65 |    67 ||   225
       Skin              |       |       |    22 |       ||    22
Dodge: Dodged            |    28 |    74 |   123 |   178 ||   403

Table legend: (Time is in decaauts)
 A = Elapsed time spent in this place.
 B = Non-inter-level travel time spent in this place.
 C = Inter-level travel time spent in this place.
 D = Time resting spent in this place.
 E = Time spent auto-exploring this place.
 F = Levels seen in this place.
 G = Mean time per level.
                   A        B        C        D        E       F      G
               +--------+--------+--------+--------+--------+-----+--------+
         Total |   9622 |   9365 |    257 |     39 |   4045 |  14 |  687.3 |
       Dungeon |   8612 |   8355 |    257 |      0 |   3878 |  11 |  782.9 |
        Temple |     18 |     18 |      0 |      0 |      0 |   1 |   18.0 |
          Lair |    405 |    405 |      0 |      0 |    167 |   1 |  405.0 |
       Ossuary |    586 |    586 |      0 |     39 |      0 |   1 |  586.0 |
               +--------+--------+--------+--------+--------+-----+--------+

Top non-repeatable levels by time:
    D:10: 1509 daAuts
     D:9: 1287 daAuts
     D:6: 1055 daAuts
     D:8: 947 daAuts
     D:5: 794 daAuts
     D:7: 691 daAuts
     D:4: 638 daAuts
 Ossuary: 586 daAuts
     D:2: 577 daAuts
     D:1: 520 daAuts
     D:3: 493 daAuts
  Lair:1: 405 daAuts
    D:11: 97 daAuts
  Temple: 18 daAuts
